 Dungeon Crawl Stone Soup version 0.18-a0-659-gb9673d2 (webtiles) character file.

48160 Saitama the Martial Artist (level 14, -3/115 HPs)
             Began as a Human Monk on Nov 28, 2015.
             Was the Champion of Ru.
             Slain by a death yak (24 damage)
             ... on level 7 of the Lair of Beasts on Dec 5, 2015.
             The game lasted 03:07:08 (32761 turns).

Saitama the Martial Artist (Human Monk)            Turns: 32761, Time: 03:07:08

Health: -3/115     AC:  7    Str: 11    XL:     14   Next: 85%
Magic:  19/19      EV: 21    Int:  9    God:    Ru [******]
Gold:   770        SH:  6    Dex: 20    Spells: 0 memorised, 13 levels left

rFire  . . .     SeeInvis .       - Unarmed
rCold  + . .     Clarity  .     G - +1 leather armour "Qaolaas" {+Inv rC+ Regen+ Int-3}
rNeg   . . .     SustAt   .     V - +0 buckler
rPois  .         Gourm    .     T - +1 hat
rElec  .         Spirit   .     l - +0 cloak
rCorr  .         Dismiss  .     Z - +0 pair of gloves
rMut   .         Stasis   .     C - +2 pair of boots
MR     .....                    (no amulet)
Stlth  +++++.....               y - +3 ring of evasion
                                r - ring of stealth

@: no scrolls, not resistant to hostile enchantments, quite stealthy
A: low mp 1, inability to read while threatened, inability to train armour, no
ice magic, no summoning magic, no transmutations magic, vulnerability to harm 1,
slow reflexes 1, magic vulnerability 1
a: Draw Out Power, Power Leap, Apocalypse, Renounce Religion, Evoke Invisibility


You were on level 7 of the Lair of Beasts.
You worshipped Ru.
Ru was exalted by your worship.
You were not hungry.

You visited 3 branches of the dungeon, and saw 20 of its levels.
You also visited: Sewer and Volcano.

You collected 1288 gold pieces.
You spent 518 gold pieces at shops.

Inventory:

Hand Weapons
 N - a +2 scimitar of flaming
Missiles
 f - 2 throwing nets
 p - 4 javelins (quivered)
 U - a steel tomahawk
Armour
 l - a +0 cloak (worn)
 C - a +2 pair of boots (worn)
 G - the +1 leather armour "Qaolaas" (worn) {+Inv rC+ Regen+ Int-3}
   (You bought it in a shop on level 7 of the Dungeon)

   It affects your intelligence (-3).
   It protects you from cold.
   It lets you turn invisible.
   It increases your rate of regeneration.
 M - a +3 leather armour of fire resistance
 O - a +2 robe of positive energy
 T - a +1 hat (worn)
 V - a +0 buckler (worn)
 Z - a +0 pair of gloves (worn)
Jewellery
 b - an uncursed ring of ice
 r - a ring of stealth (left hand)
 s - an uncursed ring of fire
 w - an uncursed ring of protection from magic
 y - a +3 ring of evasion (right hand)
Wands
 v - a wand of cold (6)
 A - a wand of teleportation (3)
 J - a wand of fireball (6)
 L - a wand of lightning (10)
 W - a wand of lightning (9)
Scrolls
 a - 5 scrolls of enchant armour
 g - 3 scrolls of noise
 h - 4 scrolls of remove curse
 i - 3 scrolls of recharging
 j - 9 scrolls of enchant weapon
 n - 2 scrolls of immolation
 t - 7 scrolls of teleportation
 x - a scroll of fog
 B - 2 scrolls of magic mapping
 E - 7 scrolls of amnesia
 F - a scroll of fear
 K - 5 scrolls of identify
 Q - 2 scrolls of blinking
Potions
 d - a potion of agility
 e - 4 potions of might
 k - a potion of brilliance
 o - 5 potions of resistance
 q - 9 potions of curing
 u - 4 potions of flight
 I - 6 potions of heal wounds
 P - 2 potions of lignification
 R - a potion of haste
 Y - a potion of cure mutation
Miscellaneous
 D - a phial of floods (inert)
 X - a crystal ball of energy
Comestibles
 c - 21 fruits
 m - 11 bread rations
 z - 7 beef jerkies


   Skills:
 - Level 12.1 Fighting
 - Level 11.0 Dodging
 - Level 7.0 Stealth
 - Level 4.0 Shields
 + Level 14.8 Unarmed Combat
 - Level 10.0 Evocations


You had 13 spell levels left.
You didn't know any spells.

Dungeon Overview and Level Annotations

Branches:
Dungeon (11/15)            Temple (1/1) D:4            Lair (8/8) D:11
 Shoals (0/4) Lair:3        Snake (0/4) Lair:6        Slime (0/6) Lair:6
    Orc (0/4) D:10

Altars:
Ashenzari
Cheibriados
Dithmenos
Elyvilon
Fedhas
Gozag
Kikubaaqudgha
Makhleb
Nemelex Xobeh
Okawaru
Qazlal
Ru
Sif Muna
Trog
Vehumet
Xom
Yredelemnul
Zin
The Shining One
Beogh

Shops:
D:7 [   D:8 *   D:9 [   D:10 (

Annotations:
D:3 exclusion: 2 downstairs
D:7 exclusion: 2 downstairs
D:8 exclusion: 2 downstairs, Gastronok, Joseph
D:9 exclusion: downstairs, Pikel
Lair:1 exclusions: oklob plant and upstairs
Lair:3 exclusions: crocodile, 2 downstairs and hydra, Nergalle
Lair:4 Harold
Lair:5 exclusions: downstairs and fire dragon
Lair:6 exclusions: hydra and 4 more exclusions, Kirke
Lair:7 exclusions: door and hydra, Snorg
Lair:8 3 exclusions


Innate Abilities, Weirdness & Mutations

Your magical capacity is low (-10% MP).
You cannot read scrolls while threatened.
You cannot train Armour skill.
You cannot study or cast Ice magic.
You cannot study or cast Summoning magic.
You cannot study or cast Transmutations magic.
You take slightly more damage. (-3 AC)
You have somewhat slow reflexes. (-3 EV)
You are slightly vulnerable to magic.


Message History

Okay, then.
Evoke which item? (* to show all) (? for menu, Esc to quit)
Aim the phial where?
Press: ? - help, Shift-Dir - straight line, f - death yak
Aim: a death yak The flood of elemental water hits the death yak.
The death yak is moderately wounded.
The wave splashes down.
Splash!
You fall into the shallow water.
Moving in this stuff is going to be slow.
The water rises up and takes form.
Your water elemental hits the death yak!
Your water elemental engulfs the death yak in water!
The death yak pulls free of the water.
Your water elemental hits the death yak!
Your water elemental engulfs the death yak in water!
The death yak dies!
The death yak gores you!!
You die...

#≈##.........
##≈≈≈.###.....
##≈≈≈≈.###.....
##PE†≈P###P.....
#..≈.≈P# ##.....
######.....## ##....
##### ##.........##
#....
##...####....lYY...P#
#....
#......#.....@###...#
#P...
##.........P.####....#
###..
##....................#
##.
#.#..................P#
#.
##..#......P.........P##
#P
#####............÷.P..#
## #.................# #
###.............÷.##
##...#.PP........#


You could see 2 death yaks, a komodo dragon and a friendly water elemental.

Vanquished Creatures
  Rupert (Lair:4)
  Josephine (D:10)
  4 hydras
  A catoblepas (Lair:4)
  Erica (D:9)
  Erolcha (D:8)
  The ghost of Armakuni the Brilliant, a journeyman DEFi of Pakellas (Volcano)
  11 death yaks
  A griffon (Lair:7)
  5 elephants
  Maurice (D:8)
  9 spiny frogs
  3 molten gargoyles (Volcano)
  3 black mambas
  A gargoyle (Volcano)
  A torpor snail (Lair:7)
  6 komodo dragons
  2 fire drakes
  A troll (D:11)
  2 polar bears
  12 blink frogs
  5 wraiths
  5 hogs
  36 yaks
  4 fire elementals (Volcano)
  A spriggan (Lair:2)
  2 deep elf magi
  A hungry ghost (D:10)
  A steam dragon (D:9)
  3 wyverns
  2 basilisks
  12 wolves
  2 nagas (Lair:6)
  8 hippogriffs
  14 water moccasins
  6 sky beasts
  14 porcupines
  2 black bears
  5 orc warriors
  4 slaves (D:9)
  2 ice beasts
  5 centaurs
  2 necrophages
  2 phantoms
  7 ogres
  2 big kobolds
  5 crocodiles
  20 giant frogs
  A wyvern zombie (D:9)
  6 scorpions
  9 wights
  5 crimson imps
  A giant frog zombie (D:7)
  A quasit (D:10)
  2 centaur skeletons
  2 giant frog skeletons
  6 orc priests
  4 jellies
  7 hounds
  7 orc wizards
  A hell rat (Lair:2)
  11 iguanas
  9 worker ants
  2 sheep (D:11)
  40 river rats
  19 adders
  21 oozes
  3 shadow imps
  2 adder skeletons
  2 adder zombies
  4 worms
  9 giant geckos
  33 orcs
  12 ball pythons
  14 bats
  24 giant cockroaches
  8 hobgoblins
  13 jackals
  3 quokkas
  A giant gecko skeleton (D:4)
  A giant gecko zombie (D:7)
  21 giant newts
  11 goblins
  13 kobolds
  A quokka skeleton (D:5)
  6 rats
  2 bushes (D:10)
  4 fungi
  A plant (Lair:7)
582 creatures vanquished.

Vanquished Creatures (collateral kills)
  A death yak (Lair:7)
1 creature vanquished.

Vanquished Creatures (others)
  A death yak (Lair:4)
  A black mamba (Lair:2)
  A spiny frog (Lair:3)
  A giant frog (Lair:6)
  A river rat (Lair:4)
  A kobold (D:10)
  40 fungi
  4 plants
50 creatures vanquished.

Grand Total: 633 creatures vanquished

Notes
Turn   | Place    | Note
--------------------------------------------------------------
     0 | D:1      | Saitama the Human Monk began the quest for the Orb.
     0 | D:1      | Reached XP level 1. HP: 18/18 MP: 1/1
   152 | D:1      | Reached XP level 2. HP: 20/24 MP: 2/2
   497 | D:1      | Reached XP level 3. HP: 29/29 MP: 3/3
  1349 | D:2      | Reached skill level 5 in Unarmed Combat
  2229 | D:3      | Reached XP level 4. HP: 35/35 MP: 4/4
  2449 | D:3      | Found a glowing golden altar of the Shining One.
  3003 | D:3      | Found a bloodstained altar of Trog.
  3301 | D:4      | Noticed an ogre
  3451 | D:4      | Found a sparkling altar of Nemelex Xobeh.
  3526 | D:4      | Reached skill level 6 in Unarmed Combat
  3526 | D:4      | Reached XP level 5. HP: 12/41 MP: 5/5
  3818 | D:4      | Found a glowing drain.
  3836 | Sewer    | Entered a sewer
  4486 | Sewer    | Reached XP level 6. HP: 48/48 MP: 6/6
  5230 | Sewer    | Reached skill level 5 in Dodging
  5230 | Sewer    | Reached XP level 7. HP: 18/54 MP: 7/7
  5707 | D:4      | Reached skill level 5 in Fighting
  5987 | D:4      | Found a staircase to the Ecumenical Temple.
  7026 | D:5      | Entered Level 5 of the Dungeon
  7106 | D:5      | Reached skill level 7 in Unarmed Combat
  7290 | D:5      | Found an opulent altar of Gozag.
  7330 | D:5      | Found an opulent altar of Gozag.
  7593 | D:5      | Found a burning altar of Makhleb.
  7723 | D:5      | Reached XP level 8. HP: 46/62 MP: 8/8
  9115 | D:5      | Reached skill level 8 in Unarmed Combat
  9278 | D:6      | Reached skill level 9 in Unarmed Combat
  9896 | D:5      | Reached XP level 9. HP: 14/68 MP: 9/9
 10657 | D:6      | Reached skill level 10 in Unarmed Combat
 12113 | D:7      | Found a glowing silver altar of Zin.
 12273 | D:7      | Reached skill level 11 in Unarmed Combat
 13001 | D:7      | Found Xaoth's Antique Armour Shoppe.
 13010 | D:7      | Bought a translucent leather armour for 196 gold pieces
 13020 | D:7      | Identified the +1 leather armour "Qaolaas" {+Inv rC+ Regen+ Int-3} (You bought it in a shop on level 7 of the Dungeon)
 13020 | D:7      | Bought a jewelled leather armour for 196 gold pieces
 13030 | D:7      | Identified the +1 leather armour of Masm {rN+ rCorr Str-5 Stlth+} (You bought it in a shop on level 7 of the Dungeon)
 13046 | D:7      | Bought a pair of embroidered boots for 126 gold pieces
 13360 | D:8      | Noticed Maurice
 14027 | D:4      | Reached skill level 12 in Unarmed Combat
 14180 | Temple   | Entered the Ecumenical Temple
 14247 | Temple   | Became a worshipper of Ru the Awakened
 14255 | Temple   | Gained mutation: You are slightly vulnerable to magic. [Ru sacrifice]
 14255 | Temple   | Reached * piety under Ru
 14632 | D:7      | Reached XP level 10. HP: 74/74 MP: 10/10
 14789 | D:8      | Noticed Joseph
 14897 | D:8      | Noticed Erolcha
 15039 | D:8      | Found a burning altar of Makhleb.
 15039 | D:8      | Found Atolier's Profane Products.
 15086 | D:8      | Noticed Gastronok
 15240 | D:8      | Killed Maurice
 15656 | D:9      | Noticed Pikel
 15761 | D:9      | Found a basalt altar of Yredelemnul.
 16088 | D:9      | Found a deep blue altar of Sif Muna.
 16810 | D:9      | Found Maxtap's Armour Emporium.
 16812 | D:9      | Noticed Erica
 16908 | D:8      | Killed Erolcha
 17265 | D:10     | Entered Level 10 of the Dungeon
 17428 | D:9      | Reached XP level 11. HP: 85/87 MP: 11/11
 17730 | D:9      | Gained mutation: You take slightly more damage. (-3 AC) [Ru sacrifice]
 17730 | D:9      | Reached ** piety under Ru
 17932 | D:10     | Reached skill level 10 in Fighting
 18526 | D:10     | Found a staircase to the Orcish Mines.
 18612 | D:10     | Found a roughly hewn altar of Beogh.
 18651 | D:10     | Noticed a hill giant
 18728 | D:9      | Killed Erica
 19116 | D:10     | Noticed Josephine
 19132 | D:9      | Reached skill level 5 in Stealth
 19428 | D:10     | Found a shattered altar of Ashenzari.
 19517 | D:10     | Killed Josephine
 19986 | D:10     | Found Caavvulol's Antique Weapon Shoppe.
 19998 | D:10     | Reached XP level 12. HP: 97/100 MP: 12/12
 20411 | D:11     | Found a staircase to the Lair.
 20524 | Lair:1   | Entered Level 1 of the Lair of Beasts
 20526 | Lair:1   | Upgraded the game from 0.18-a0-337-g1235303 to 0.18-a0-425-ge088ad1
 20526 | Lair:1   | Upgraded the game from 0.18-a0-425-ge088ad1 to 0.18-a0-659-gb9673d2
 20548 | Lair:1   | Reached skill level 1 in Evocations
 20572 | Lair:1   | Gained mutation: You cannot study or cast Ice magic. [Ru sacrifice]
 20572 | Lair:1   | Gained mutation: You cannot study or cast Transmutations magic. [Ru sacrifice]
 20572 | Lair:1   | Gained mutation: You cannot study or cast Summoning magic. [Ru sacrifice]
 20572 | Lair:1   | Reached *** piety under Ru
 21445 | Lair:2   | Reached skill level 5 in Evocations
 21793 | Lair:2   | Reached skill level 1 in Shields
 22147 | Lair:2   | Gained mutation: You have somewhat slow reflexes. (-3 EV) [Ru sacrifice]
 22147 | Lair:2   | Reached **** piety under Ru
 22606 | Lair:3   | Noticed an eight-headed hydra
 22680 | Lair:3   | Found a staircase to the Shoals.
 23046 | Lair:3   | Noticed Nergalle
 23175 | Lair:3   | Noticed a five-headed hydra
 23744 | Lair:4   | Noticed Rupert
 23874 | Lair:4   | Noticed Harold
 23945 | Lair:4   | Noticed a catoblepas
 24007 | Lair:4   | Paralysed by Rupert for 4 turns
 24028 | Lair:4   | Paralysed by Rupert for 2 turns
 24060 | Lair:4   | Killed Rupert
 24060 | Lair:4   | Reached XP level 13. HP: 33/106 MP: 17/19
 24068 | Lair:4   | Gained mutation: You cannot train Armour skill. [Ru sacrifice]
 24068 | Lair:4   | Reached ***** piety under Ru
 25489 | Lair:3   | Reached skill level 10 in Evocations
 25898 | Lair:4   | Reached skill level 10 in Dodging
 27163 | Lair:5   | Identified a scroll of acquirement
 27424 | Lair:5   | Noticed a fire dragon
 27532 | Lair:5   | Gained mutation: Your magical capacity is low (-10% MP). [Ru sacrifice]
 27691 | Lair:6   | Found a dark tunnel.
 27760 | Volcano  | Entered a volcano
 28103 | Volcano  | Noticed Armakuni's ghost (journeyman DEFi)
 28122 | Volcano  | Killed Armakuni's ghost
 28783 | Lair:6   | Found a staircase to the Snake Pit.
 28975 | Lair:6   | Noticed Kirke
 29000 | Lair:6   | Reached XP level 14. HP: 100/115 MP: 19/19
 29538 | Lair:6   | Found a staircase to the Slime Pits.
 29903 | Lair:6   | Noticed a sphinx
 30208 | Lair:7   | Reached skill level 13 in Unarmed Combat
 30372 | Lair:7   | Gained mutation: You cannot read scrolls while threatened. [Ru sacrifice]
 30372 | Lair:7   | Reached ****** piety under Ru
 30952 | Lair:7   | Noticed Snorg
 31201 | Lair:7   | Found a runed door.
 31337 | Lair:7   | Reached skill level 14 in Unarmed Combat
 31540 | Lair:7   | Got a fine shield
 31551 | Lair:7   | Identified the -4 shield of the Forest {rElec} (You acquired it on level 7 of the Lair of Beasts)
 31959 | Lair:8   | Entered Level 8 of the Lair of Beasts
 32761 | Lair:7   | Slain by a death yak

Vault maps used:
D:1:      lemuel_arrival_rhombus, minmay_misc_feat_rows
D:2:      lemuel_upstairs_altar
D:3:      marbit_many_paths, tso_oasis_becter, first_bread
D:4:      nemelex_xobeh_ov_fountains_minmay, minmay_temple_entry_fiery,
          portal_sewer_entry_b, grunt_ministairs_15
D:5:      nicolae_overflow_hidden_temple, kennysheep_mini, basic_altar
D:6:      patterned_corridor
D:7:      old_forge, lemuel_doored_altar, serial_shops, shop, grunt_ogre_cave,
          minivault_1
D:8:      enter_bailey_3, minmay_misc_feat_secret_circle, nicolae_evil_shop,
          uniq_erolcha, uniq_maurice, uniq_gastronok, uniq_joseph, uniq_grum
D:9:      serial_shops, shop, basic_altar, led_sif_book, uniq_erica, uniq_pikel
D:10:     minmay_orc_entry_temple_small, kennysheep_diamond, minmay_hedge_maze,
          evilmike_ruin_ashenzari, uniq_josephine
D:11:     david_lair_generic, serial_shops, shop, nicolae_shop_waterfront,
          shop_statue, wad_floor_pattern_untrapped
Temple:   circular_temple_13
Lair:1:   minmay_lair_oklob_tunnel
Lair:2:   grunt_forest_small_clearings, grunt_forest_stairs_clearing,
          grunt_megastairs_3
Lair:3:   elwin_shoals_entry_rocks, beast_lair_carwin_11, lemuel_fruit_tree,
          uniq_nergalle
Lair:4:   beast_lair_carwin_6, infiniplex_staircase_pool, uniq_rupert,
          uniq_harold
Lair:5:   dragon1_lemuel, serial_bayou_shore_b
Lair:6:   guppyfry_snake_entry_island, nicolae_slime_entry_slimehenge,
          nicolae_volcano_entry_two_sided, nicolae_lair_grove_arrangements,
          grunt_forest_small_clearing_treed, uniq_kirke
Lair:7:   pf_torpor_hydra, uniq_snorg
Lair:8:   hangedman_lair_caniforms_friends
Sewer:    sewer_frog_island_02
Volcano:  volcano_aerie

Action                   |  1- 3 |  4- 6 |  7- 9 | 10-12 | 13-15 || total
-------------------------+-------+-------+-------+-------+-------++-------
Melee: Unarmed           |   146 |   439 |   505 |  1035 |  1086 ||  3211
       Scimitar          |       |       |       |       |    26 ||    26
Throw: Stone             |    12 |    10 |    43 |    62 |       ||   127
       Tomahawk          |       |     4 |     7 |     7 |     9 ||    27
       Throwing net      |       |       |       |       |     1 ||     1
       Javelin           |       |       |       |       |     3 ||     3
Invok: Sacrifice Essence |       |       |     1 |       |     1 ||     2
       Sacrifice Health  |       |       |       |     2 |       ||     2
       Draw Out Power    |       |       |       |     1 |     2 ||     3
       Sacrifice Arcana  |       |       |       |     1 |       ||     1
       Power Leap        |       |       |       |       |     1 ||     1
       Sacrifice Durabil |       |       |       |       |     1 ||     1
       Sacrifice Words   |       |       |       |       |     1 ||     1
 Abil: Evoke Invisibilit |       |       |       |     1 |     5 ||     6
Evoke: Phial of floods   |       |       |       |       |     1 ||     1
  Use: Scroll            |       |     7 |     8 |    16 |     8 ||    39
       Potion            |       |       |     1 |     3 |     2 ||     6
 Stab: Sleeping          |     9 |     2 |     7 |    16 |     9 ||    43
       Distracted        |     1 |       |       |     3 |     6 ||    10
       Invisible         |       |       |       |    12 |    32 ||    44
       Paralysed         |       |       |       |       |    13 ||    13
       Petrified         |       |       |       |       |     1 ||     1
  Eat: Royal jelly       |     1 |       |     1 |     1 |     1 ||     4
       Bread ration      |     1 |       |       |       |       ||     1
       Chunk             |       |     8 |    17 |    22 |    12 ||    59
       Fruit             |       |       |     3 |     3 |       ||     6
       Meat ration       |       |       |     1 |     1 |     3 ||     5
       Pizza             |       |       |     2 |     1 |       ||     3
       Beef jerky        |       |       |       |       |     2 ||     2
